 Dungeon Crawl Stone Soup version 0.26-a0-651-gb41185065b (webtiles) character file.

Game seed: 12129726343084244332

3399 Mesmaeker13 the Chucker (level 9, -1/85 HPs)
             Began as a Deep Dwarf Hunter on Oct 7, 2020.
             Killed by divine providence
             ... invoked by an orc priest
              (9 damage)
             ... on level 8 of the Dungeon.
             The game lasted 00:28:04 (6896 turns).

Mesmaeker13 the Chucker (Deep Dwarf Hunter)         Turns: 6896, Time: 00:28:05

Health: -1/85      AC: 12    Str: 20    XL:     9   Next: 75%
Magic:  9/9        EV: 15    Int: 11    God:
Gold:   461        SH:  0    Dex: 13    Spells: 8/8 levels left

rFire    . . .     SeeInvis .   y - +2 flail (venom)
rCold    + . .     Faith    .   (no shield)
rNeg     . . .     Spirit   .   f - +0 scale mail
rPois    .         Reflect  .   w - +0 helmet
rElec    .         Harm     .   (no cloak)
rCorr    .         Rampage  .   (no gloves)
MR       +....                  o - +2 pair of boots
Stlth    ..........             (no amulet)
HPRegen  0.00/turn              l - +4 ring of evasion
MPRegen  0.11/turn              m - ring of protection from cold

@: non-regenerating
A: damage resistance, heal wounds, sense surroundings 2, no regeneration
a: Heal Wounds


You were on level 8 of the Dungeon.
You visited 2 branches of the dungeon, and saw 9 of its levels.

You collected 461 gold pieces.

Inventory:

Hand Weapons
 b - a +0 war axe
 c - a +0 vampiric dagger
 y - a +2 flail of venom (weapon)
 C - the +7 rapier of Disintegration {venom, *Noise rPois MR+++ Stlth+}
   (You found it on level 6 of the Dungeon)

   It poisons the flesh of those it strikes.
   It protects you from poison.
   It affects your resistance to hostile enchantments.
   It may make noises in combat.
   It makes you more stealthy.
Missiles
 a - 72 bolts
 h - 10 poisoned darts (quivered)
 k - 2 boomerangs
Armour
 f - a +0 scale mail (worn)
 o - a +2 pair of boots (worn)
 p - a +0 plate armour
 w - a +0 helmet (worn)
Jewellery
 l - a +4 ring of evasion (left hand)
 m - a ring of protection from cold (right hand)
 z - an uncursed ring of resist corrosion
Wands
 q - a wand of flame (1)
 r - a wand of digging (5)
Scrolls
 d - 2 scrolls of amnesia
 g - 2 scrolls of fog {unknown}
 i - 3 scrolls of teleportation
 s - 4 scrolls of remove curse
 v - a scroll of fear {unknown}
 x - 3 scrolls of magic mapping
 D - a scroll of noise
 F - a scroll of enchant weapon {unknown}
Potions
 e - 5 potions of flight
 j - 2 potions of brilliance
 n - 4 potions of heal wounds
 t - 2 potions of resistance {unknown}
 u - 2 potions of curing {unknown}
 A - 2 potions of magic
 B - a potion of degeneration {unknown}
 G - a potion of stabbing {unknown}
 H - a potion of ambrosia
 I - 2 potions of invisibility {unknown}


   Skills:
 + Level 6.7 Fighting
 + Level 6.9 Axes
 + Level 7.5 Throwing
 + Level 7.1 Armour
 - Level 3.5 Dodging
 - Level 1.2 Stealth


You had 8 spell levels left.
You didn't know any spells.
Your spell library contained the following spells:

 Spells                   Type           Power        Failure   Level
 Sting                    Tmut/Pois      #...         65%         1
 Confusing Touch          Hex            #.......     95%         3
 Gell's Gravitas          Tloc           #.........   95%         3
 Spider Form              Tmut/Pois      #.........   95%         3
 Petrify                  Tmut/Erth      #.......     100%        4
 Sticky Flame             Conj/Fire      #.......     100%        4
 Metabolic Englaciation   Hex/Ice        #.........   100%        5
 Yara's Violent Unravell  Hex/Tmut       #.........   100%        5
 Starburst                Conj/Fire      #.........   100%        6


Dungeon Overview and Level Annotations

Branches:
Dungeon (8/15)             Temple (1/1) D:4
   Lair: D:8-11

Altars:
Ashenzari
Cheibriados
Fedhas
Gozag
Hepliaklqana
Kikubaaqudgha
Makhleb
Okawaru
Qazlal
Ru
Sif Muna
Trog
Uskayaw
Vehumet
Wu Jian
Xom
Zin
The Shining One

Shops:
D:5 [


Innate Abilities, Weirdness & Mutations

You are resistant to damage.
You can heal yourself by infusing magical energy.
You passively map the area around you.
You do not regenerate.


Message History

A wight is wielding a +4 morningstar of flaming.
An orc priest is wielding a +1 falchion of flaming.
The centaur shouts!
The orc priest shouts!
The orc shouts!
The orc priest shouts! x2; You hear an angry hiss.
You hear an angry growl.
The centaur shoots an arrow.
The arrow hits you. The orc hits you with a +0 club.
* * * LOW HITPOINT WARNING * * *
The orc priest invokes the aid of Beogh against you.
Beogh smites you!
* * * LOW HITPOINT WARNING * * *
An adder comes into view.
The orc priest calls down the wrath of Beogh upon you.
Pain shoots through your body! The orc barely misses you.
The adder hisses angrily.
There is a stone staircase leading up here.
You see here 2 arrows.
You hear a shout!
The centaur shoots an arrow.
The arrow hits you but does no damage.
The orc priest calls down the wrath of Beogh upon you.
Beogh smites you!
You die...

#Y# * ...# , *
#(###Y...# , ,
#.......S## ,
#((....##oo , ,
, #((....##a# ,,
, ####.####.#,
,, .# #/# , , ,
*
##.####o###*,,**
* * ,
,.......@.c#*
,** ** * ,
......o..o.W...
, , ,
....o......####
* *
...z.........,,
* *
,......z...####
* .(........# ,
* * ##........#
, #........# *,
, ,,


You could see a phantom, a centaur, a worker ant, 2 wights, 3 orc priests, an
adder and 3 orcs.

Vanquished Creatures
  A hippogriff (D:7)
  5 yaks
  2 ice beasts
  2 black bears (D:6)
  3 phantoms
  3 ogres
  A big kobold (D:7)
  3 bullfrogs
  3 scorpions
  4 wights (D:6)
  3 howler monkeys
  A hound (D:7)
  4 orc priests
  A bullfrog skeleton (D:6)
  10 orc wizards
  A centaur skeleton (D:5)
  Jessica (D:2)
  5 worker ants
  2 iguanas
  3 gnolls (D:2)
  5 adders
  A shadow imp (D:6)
  2 white imps
  An ooze (D:7)
  2 worms
  3 dart slugs
  2 leopard geckos
  25 orcs
  5 giant cockroaches
  7 goblins
  7 hobgoblins
  15 jackals
  6 quokkas
  2 ball pythons
  9 bats
  7 frilled lizards
  8 kobolds
  A quokka zombie (D:6)
  3 rats
169 creatures vanquished.

Vanquished Creatures (others)
  3 plants (D:4)
  4 toadstools (D:1)
7 creatures vanquished.

Grand Total: 176 creatures vanquished

Notes
Turn   | Place    | Note
-------+----------+-------------------------------------------
     0 | D:1      | Mesmaeker13 the Deep Dwarf Hunter began the quest for the
                  | Orb.
     0 | D:1      | Reached XP level 1. HP: 19/19 MP: 1/1
   422 | D:1      | Reached XP level 2. HP: 12/26 MP: 2/2
   984 | D:2      | Reached XP level 3. HP: 11/33 MP: 3/3
  1124 | D:2      | Found a broken altar of Ashenzari.
  1286 | D:2      | Noticed Jessica
  1290 | D:2      | Killed Jessica
  1290 | D:2      | Reached XP level 4. HP: 18/40 MP: 4/4
  2138 | D:3      | Reached skill level 1 in Armour
  2138 | D:3      | Reached XP level 5. HP: 47/49 MP: 5/5
  3203 | D:4      | Reached skill level 1 in Axes
  3285 | D:4      | Noticed an ogre
  3301 | D:4      | Killed an ogre
  3301 | D:4      | Reached XP level 6. HP: 24/56 MP: 6/6
  3454 | D:4      | Reached skill level 5 in Throwing
  3699 | D:4      | Found a staircase to the Ecumenical Temple.
  3726 | D:4      | Reached XP level 7. HP: 38/63 MP: 7/7
  3886 | Temple   | Entered the Ecumenical Temple
  4620 | D:5      | Entered Level 5 of the Dungeon
  4870 | D:5      | Reached XP level 8. HP: 19/73 MP: 8/8
  5089 | D:5      | Found a glowing golden altar of the Shining One.
  5148 | D:5      | Found Meytul's Antique Armour Shoppe.
  5324 | D:6      | Reached skill level 5 in Fighting
  5429 | D:6      | Reached skill level 5 in Armour
  5536 | D:6      | Got a jewelled rapier
  5597 | D:6      | Identified the +7 rapier of Disintegration {venom, *Noise
                  | rPois MR+++ Stlth+} (You found it on level 6 of the
                  | Dungeon)
  5636 | D:6      | Reached skill level 5 in Axes
  5807 | D:6      | Got a smouldering dagger
  5902 | D:7      | Gained mutation: You passively map the area around you.
                  | [Deep Dwarf growth]
  5902 | D:7      | Reached XP level 9. HP: 23/82 MP: 9/9
  6043 | D:7      | Found a hazy altar of Hepliaklqana.
  6051 | D:7      | Identified the Collected Works on Flamy Intoxication
  6095 | D:7      | Found a shimmering blue altar of Sif Muna.
  6116 | D:7      | Identified the cursed +0 dagger of the Genius {flame,
                  | Str+4} (You found it on level 6 of the Dungeon)
  6896 | D:8      | Killed from afar by an orc priest

Illustrated notes

Levels and vault maps discovered:
D:1:      ldierk_walled_garden_2, layout_rooms
D:2:      layout_loops_ring, nicolae_ashenzari_panopticon, uniq_jessica
D:3:      layout_basic, minmay_starry_boxes
D:4:      kennysheep_big_flooded_room, layout_loops_ring,
          minmay_temple_entry_mist, serial_bayou_pond_c,
          hangedman_decor_slide_cut
D:5:      layout_cave_pools, kennysheep_mini, serial_shops,
          nicolae_shop_waterfront, chequers_avenue
D:6:      layout_rooms
D:7:      layout_gridville, basic_altar, led_sif_book
D:8:      layout_basic, uniq_harold
Temple:   regret_index_temple_sphere_string

Skill      XL: |  1  2  3  4  5  6  7  8  9 |
---------------+----------------------------+-----
Fighting       | 2 3 4 5 6 |  6.7
Throwing       | 4 5 6 7 |  7.5
Dodging        | 3 |  3.5
Armour         | 1 2 3 4 5 7 |  7.1
Axes           | 1 2 4 5 6 |  6.9
Stealth        | |  1.2

Action                   |  1- 3 |  4- 6 |  7- 9 || total
-------------------------+-------+-------+-------++-------
Melee: Whip              |    43 |    31 |       ||    74
       Short sword       |     9 |       |       ||     9
       War axe           |       |    60 |    26 ||    86
       Flail             |       |       |    98 ||    98
       Rapier            |       |       |    36 ||    36
Throw: Javelin           |    10 |    18 |    63 ||    91
       Dart              |    47 |    91 |    71 ||   209
       Boomerang         |       |    25 |    86 ||   111
       Throwing net      |       |     3 |       ||     3
 Abil: Heal Wounds       |       |     2 |     3 ||     5
Evoke: Wand              |       |     8 |     7 ||    15
  Use: Scroll            |     3 |     2 |     9 ||    14
       Potion            |       |       |     1 ||     1
 Stab: Paralysed         |       |     9 |       ||     9
Armor: Leather armour    |     7 |     6 |       ||    13
       Skin              |       |     5 |       ||     5
       Scale mail        |       |    27 |    51 ||    78
Dodge: Dodged            |    34 |    84 |   145 ||   263

Table legend: (Time is in decaauts)
 A = Elapsed time spent in this place.
 B = Non-inter-level travel time spent in this place.
 C = Inter-level travel time spent in this place.
 D = Time resting spent in this place.
 E = Time spent auto-exploring this place.
 F = Levels seen in this place.
 G = Mean time per level.
                   A        B        C        D        E       F      G
               +--------+--------+--------+--------+--------+-----+--------+
         Total |   6957 |   6631 |    326 |   1037 |   3367 |   9 |  773.0 |
       Dungeon |   6797 |   6498 |    299 |   1037 |   3250 |   8 |  849.6 |
        Temple |    159 |    132 |     27 |      0 |    117 |   1 |  159.0 |
               +--------+--------+--------+--------+--------+-----+--------+

Top non-repeatable levels by time:
     D:4: 1312 daAuts
     D:3: 1134 daAuts
     D:2: 1098 daAuts
     D:1: 943 daAuts
     D:7: 927 daAuts
     D:5: 705 daAuts
     D:6: 553 daAuts
  Temple: 159 daAuts
     D:8: 122 daAuts
